 Dungeon Crawl Stone Soup version 0.22.1-2-g9c5b331 (webtiles) character file.

2624180 frimble the End of an Era (level 27, 223/223 (224) HPs)
             Began as a Demonspawn Fighter on Dec 21, 2018.
             Was the Champion of Qazlal.
             Escaped with the Orb
             ... and 4 runes on Dec 22, 2018!
             The game lasted 03:40:55 (64692 turns).

frimble the End of an Era (Demonspawn Fighter)     Turns: 64692, Time: 03:40:55

HP:   223/223 (224) AC: 35    Str: 31    XL:     27
MP:   49/49         EV: 18    Int: 13    God:    Qazlal [******]
Gold: 6130          SH: 36    Dex: 15    Spells: 36/50 levels left

rFire    + + +     SeeInvis +   a - +9 broad axe (chop)
rCold    + . .     Gourm    .   R - +5 shield {reflect}
rNeg     + + .     Faith    .   N - +10 plate armour of Masochism {rPois rN+ Str+5 Dex-5}
rPois    +         Spirit   +   (helmet unavailable)
rElec    .         Reflect  +   I - +2 ratskin cloak {+Rats rPois rN+ Str-1 Int-1 Dex+1}
rCorr    .         Harm     .   s - +3 pair of gloves of Resourcefulness {rF+}
MR       ++...     Clarity  +   (boots unavailable)
Stlth    ..........             v - amulet of Loveskoc {Regen+ Str+7}
HPRegen  0.87/turn              U - ring of Awe {MP+9 EV+4 Str+3 Slay+5}
MPRegen  0.62/turn              e - ring "Ivu Goak" {*Contam rF+ rC+ SInv}

@: sluggish, repel missiles, very slow
A: fangs 1, hooves 3, horns 3, large bone plates 3, agile 1, clarity, dopey 1,
fire resistance 1, hurl damnation, frail 1, powered by pain 3, screaming 2, weak
1, magic shield, magic regeneration, magic link, flame cloud immunity,
MP-powered wands
0: Orb of Zot
}: 4/15 runes: serpentine, barnacled, slimy, silver
a: Hurl Damnation, Upheaval, Elemental Force, Disaster Area, Renounce Religion,
Evoke Ratskin


You escaped.
You worshipped Qazlal.
Qazlal was exalted by your worship.
You were not hungry.

You visited 10 branches of the dungeon, and saw 54 of its levels.
You visited the Abyss 2 times.
You visited 1 bazaar.
You visited 1 ziggurat, and saw 22 of its levels.
You also visited: Trove, Ossuary, Ice Cave, Volcano and Desolation.

You collected 9717 gold pieces.
You spent 3587 gold pieces at shops.

Inventory:

Hand Weapons
 a - a +9 broad axe of chopping (weapon)
 b - a +9 hand crossbow of flaming
Missiles
 w - 2034 bolts
Armour
 c - the +2 pair of gloves of the Wild Haggis {rC+ rCorr MP+9}
   (You found it on level 2 of the Vaults)

   It protects you from cold.
   It affects your magic capacity (+9).
   It provides partial protection from all sources of acid and corrosion.
 s - the +3 pair of gloves of Resourcefulness (worn) {rF+}
   (You found it on level 4 of the Shoals)

   It protects you from fire.
 E - the +2 pair of boots of the Assassin {Detection Stab+ Stlth++}
   (You found it on level 11 of a ziggurat)

   It makes you much more stealthy.
 I - the +2 ratskin cloak (worn) {+Rats rPois rN+ Str-1 Int-1 Dex+1}
   (You bought it in a shop in a bazaar)

   It affects your strength (-1).
   It affects your intelligence (-1).
   It affects your dexterity (+1).
   It protects you from poison.
   It protects you from negative energy.
 N - the +10 plate armour of Masochism (worn) {rPois rN+ Str+5 Dex-5}
   (You found it on level 9 of a ziggurat)

   It affects your strength (+5).
   It affects your dexterity (-5).
   It protects you from poison.
   It protects you from negative energy.
 R - a +5 shield of reflection (worn)
Jewellery
 e - the ring "Ivu Goak" (right hand) {*Contam rF+ rC+ SInv}
   (You found it in the Desolation of Salt)

   [ring of protection from cold]

   It protects you from fire.
   It protects you from cold.
   It lets you see invisible.
   It causes magical contamination when unequipped.
 j - the ring of Robustness {AC+8}
   (You found it on level 18 of a ziggurat)

   [ring of protection]

   It affects your AC (+8).
 v - the amulet of Loveskoc (around neck) {Regen+ Str+7}
   (You took it off a deep elf annihilator on level 3 of the Elven Halls)

   [amulet of regeneration]

   It affects your strength (+7).
   It increases your rate of regeneration.
 F - the ring "Koni" {rPois MR+ MP+9 Str+4}
   (You acquired it on level 2 of the Lair of Beasts)

   [ring of magical power]

   It affects your strength (+4).
   It protects you from poison.
   It affects your resistance to hostile enchantments.
   It affects your magic capacity (+9).
 H - the ring "Xeczai" {rF++ Stlth+}
   (You found it on level 21 of a ziggurat)

   [ring of stealth]

   It greatly protects you from fire.
   It makes you more stealthy.
 U - the ring of Awe (left hand) {MP+9 EV+4 Str+3 Slay+5}
   (You found it on level 16 of a ziggurat)

   [ring of evasion]

   It affects your evasion (+4).
   It affects your strength (+3).
   It affects your accuracy and damage with ranged weapons and melee attacks
   (+5).
   It affects your magic capacity (+9).
Wands
 o - a wand of enslavement (60)
 p - a wand of paralysis (40)
 q - a wand of acid (9)
 r - a wand of disintegration (69)
 x - a wand of scattershot (2)
 G - a wand of random effects (35)
 J - a wand of iceblast (54)
 K - a wand of digging (7)
Scrolls
 i - 10 scrolls of enchant armour
 k - 2 scrolls of silence
 l - 24 scrolls of teleportation
 u - 6 scrolls of immolation
 y - 6 scrolls of fear
 C - 29 scrolls of remove curse
 P - 17 scrolls of blinking
 S - 12 scrolls of fog
 T - 2 scrolls of summoning
 V - 11 scrolls of magic mapping
 X - 13 scrolls of identify
 Z - 2 scrolls of enchant weapon
Potions
 d - 6 potions of might
 g - 8 potions of flight
 h - 3 potions of brilliance
 m - 8 potions of cancellation
 n - 29 potions of curing
 t - 4 potions of resistance
 z - 12 potions of mutation
 A - a potion of heal wounds
 B - 2 potions of magic
 D - a potion of haste
 L - 2 potions of berserk rage (quivered)
 M - 8 potions of lignification
 O - 10 potions of agility
 W - 4 potions of invisibility
 Y - 2 potions of ambrosia
Miscellaneous
 Q - 3 boxes of beasts
Comestibles
 f - 79 rations


   Skills:
 O Level 27 Fighting
 + Level 22.3(22.4) Axes
   Level 3.7(15.6) Maces & Flails
 - Level 15.0 Crossbows
 + Level 14.8 Armour
 + Level 9.5 Dodging
 - Level 16.0 Shields
 - Level 12.0 Spellcasting
 - Level 8.0 Hexes
 - Level 10.0 Charms
 - Level 6.0 Summonings
 - Level 10.0 Necromancy
 - Level 12.0 Translocations
 - Level 10.0 Air Magic
 O Level 27 Invocations
 - Level 10.0 Evocations


You had 36 spell levels left.
You knew the following spells:

 Your Spells              Type           Power        Failure   Level  Hunger
a - Apportation           Tloc           #####.       1%          1    None
b - Regeneration          Chrm/Necr      ####......   2%          3    None
c - Portal Projectile     Hex/Tloc       ####..       2%          3    None
d - Swiftness             Chrm/Air       ####....     1%          2    None
e - Slow                  Hex            ####....     2%          2    None
f - Summon Butterflies    Summ           ###.....     3%          1    None
g - Blink                 Tloc           N/A          1%          2    None

Your spell library contained the following spells:

 Spells                   Type           Power        Failure   Level  Hunger
 Animate Skeleton         Necr           N/A          1%          1    None
 Confusing Touch          Hex            ####..       1%          1    None
 Corona                   Hex            ####...      1%          1    None
 Infusion                 Chrm           ####         1%          1    None
 Pain                     Necr           ####         1%          1    None
 Corpse Rot               Necr           N/A          1%          2    None
 Shroud of Golubria       Chrm/Tloc      #####.....   1%          2    None
 Song of Slaying          Chrm           ####....     1%          2    None
 Sublimation of Blood     Necr           ####......   1%          2    None
 Gell's Gravitas          Tloc           #####.....   1%          3    None
 Lesser Beckoning         Tloc           #####.....   1%          3    None
 Teleport Other           Tloc           #####...     1%          3    None
 Vampiric Draining        Necr           ####......   2%          3    None
 Summon Small Mammal      Summ           ###.         3%          1    None
 Recall                   Summ/Tloc      N/A          3%          3    None
 Spectral Weapon          Hex/Chrm       ####....     3%          3    None
 Confuse                  Hex            ####....     5%          3    None
 Tukima's Dance           Hex            ####....     5%          3    None
 Shock                    Conj/Air       ###.         6%          1    None
 Call Imp                 Summ           ###.....     6%          2    None
 Airstrike                Air            ####......   8%          4    ###....
 Animate Dead             Necr           N/A          8%          4    ###....
 Poisonous Vapours        Pois/Air       ###...       9%          2    None
 Ensorcelled Hibernation  Hex/Ice        ###...       14%         2    None
 Cause Fear               Hex            ####......   17%         4    ###....
 Summon Lightning Spire   Summ/Air       ####....     17%         4    ###....
 Ozocubu's Armour         Chrm/Ice       ###.....     19%         3    None
 Static Discharge         Conj/Air       ###.....     19%         3    None
 Dazzling Spray           Conj/Hex       ###...       26%         3    None
 Inner Flame              Hex/Fire       ###.....     26%         3    None
 Silence                  Hex/Air        ####......   32%         5    #####..
 Summon Forest            Summ/Tloc      ####......   32%         5    #####..
 Mephitic Cloud           Conj/Pois/Air  ###.....     34%         3    None
 Beastly Appendage        Tmut           #.....       43%         1    None
 Flame Tongue             Conj/Fire      #....        43%         1    None
 Freeze                   Ice            #...         43%         1    None
 Magic Dart               Conj           #...         43%         1    None
 Sandblast                Erth           #.....       43%         1    None
 Sting                    Conj/Pois      #...         43%         1    None
 Passwall                 Tmut/Erth      #.......     56%         2    None
 Sticks to Snakes         Tmut           #.......     56%         2    None
 Throw Flame              Conj/Fire      #.....       56%         2    None
 Throw Frost              Conj/Ice       #.....       56%         2    None
 Summon Mana Viper        Hex/Summ       ####....     58%         5    #####..
 Leda's Liquefaction      Hex/Erth       ###.......   65%         4    ###....
 Aura of Abjuration       Summ           ###.......   71%         5    #####..
 Summon Demon             Summ           ###.......   71%         5    #####..
 Deflect Missiles         Chrm/Air       ####......   75%         6    ######.
 Conjure Flame            Conj/Fire      #.......     80%         3    None
 Ignite Poison            Fire/Tmut/Pois #.......     80%         3    None
 Spider Form              Tmut/Pois      #.........   80%         3    None
 Stone Arrow              Conj/Erth      #.....       80%         3    None
 Summon Ice Beast         Ice/Summ       ###.....     80%         4    ###....
 Bolt of Draining         Conj/Necr      ###.......   86%         5    #####..
 Borgnjor's Vile Clutch   Necr/Erth      ###.......   86%         5    #####..
 Iskenderun's Battlesphe  Conj/Chrm      ###.....     86%         5    #####..
 Lightning Bolt           Conj/Air       ###.......   86%         5    #####..
 Metabolic Englaciation   Hex/Ice        ###.......   94%         5    #####..
 Yara's Violent Unravell  Hex/Tmut       ###.......   94%         5    #####..
 Darkness                 Hex            ####......   95%         6    ######.
 Invisibility             Hex            ####....     95%         6    ######.
 Ice Form                 Ice/Tmut       #.......     99%         4    ###....
 Olgreb's Toxic Radiance  Pois           #.......     99%         4    ###....
 Petrify                  Tmut/Erth      #.......     99%         4    ###....
 Sticky Flame             Conj/Fire      #.......     99%         4    ###....
 Shadow Creatures         Summ           N/A          99%         6    ######.
 Alistair's Intoxication  Tmut/Pois      #.......     100%        5    #####..
 Blade Hands              Tmut           #.........   100%        5    #####..
 Bolt of Magma            Conj/Fire/Erth #.........   100%        5    #####..
 Fireball                 Conj/Fire      #.........   100%        5    #####..
 Irradiate                Conj/Tmut      #.........   100%        5    #####..
 Lee's Rapid Deconstruct  Erth           #.........   100%        5    #####..
 Venom Bolt               Conj/Pois      #.........   100%        5    #####..
 Bolt of Cold             Conj/Ice       #.........   100%        6    ######.
 Bolt of Fire             Conj/Fire      #.........   100%        6    ######.
 Conjure Ball Lightning   Conj/Air       ###.......   100%        6    ######.
 Freezing Cloud           Conj/Ice/Air   ###.......   100%        6    ######.
 Hydra Form               Tmut           #.........   100%        6    ######.
 Iron Shot                Conj/Erth      #.........   100%        6    ######.
 Ozocubu's Refrigeration  Ice            #.........   100%        6    ######.
 Simulacrum               Ice/Necr       ###.......   100%        6    ######.
 Statue Form              Tmut/Erth      #........    100%        6    ######.
 Dragon Form              Tmut           #.........   100%        7    #######
 Malign Gateway           Summ/Tloc      ####......   100%        7    #######
 Monstrous Menagerie      Summ           ###.......   100%        7    #######
 Orb of Destruction       Conj           #.........   100%        7    #######
 Ring of Flames           Chrm/Fire      ###.......   100%        7    #######
 Spellforged Servitor     Conj/Summ      ###.......   100%        7    #######
 Summon Greater Demon     Summ           ###.......   100%        7    #######
 Discord                  Hex            ####......   100%        8    #######
 Ignition                 Fire           #.........   100%        8    #######
 Summon Horrible Things   Summ           ###.......   100%        8    #######
 Dragon's Call            Summ           ###.......   100%        9    #######
 Shatter                  Erth           #.........   100%        9    #######
 Tornado                  Air            ####......   100%        9    #######
 Passage of Golubria      Tloc           Unusable     N/A         4    N/A

Dungeon Overview and Level Annotations

Branches:
Dungeon (15/15)            Temple (0/1) D:6            Lair (6/6) D:10
 Shoals (4/4) Lair:3        Snake (4/4) Lair:3        Slime (5/5) Lair:5
    Orc (2/2) D:11            Elf (3/3) Orc:2        Vaults (5/5) D:14
  Crypt (0/3) Vaults:2     Depths (5/5) D:15            Zot (5/5) Depths:5

Altars:
Ashenzari
Dithmenos
Gozag
Okawaru
Qazlal
Trog
Beogh

Shops:
D:5 ?   Orc:1 !   Orc:2 *([=   Elf:2 [   Elf:3 [   Vaults:3 (   Depths:3 ==}
Depths:4 !:

Portals:
Hell: Depths:1 Depths:2 Depths:3 Depths:4 Depths:5
Abyss: Depths:3 Depths:4
Pandemonium: Depths:3

Annotations:
D:9 3 runed doors, murkyfrogboy's ghost, journeyman MiGl
Lair:4 dig vault?
Depths:1 dig vault
Depths:2 2 transporters, exclusion: orange crystal statue


Innate Abilities, Weirdness & Mutations

You have a pair of large horns on your head.
You are completely covered in large bone plates. (SH +8)
Your flesh is heat resistant. (rF+)
You can hurl damnation.
You are powered by pain.
When hurt, damage is shared between your health and your magic reserves.
You regenerate magic rapidly.
When low on magic, you restore magic in place of health.
You are immune to clouds of flame.
You have very sharp teeth.
You have hooves in place of feet.
You are agile. (Dex +2)
You possess an exceptional clarity of mind.
You are dopey. (Int -2)
You are frail. (-10% HP)
You sometimes yell uncontrollably at your foes.
You are weak. (Str -2)
You expend magic power (3 MP) to strengthen your wands.


Message History

Evoke which item? (* to show all) (? for menu, Esc to quit)
Aiming: Dig
Press: ? - help, Shift-Dir - straight line This square is covered in magical glow.
The rock shatters into small pieces.
You feel a surge of power!
You start to feel a little slower.
Magic restored.
HP restored.
There is an escape hatch in the ceiling here.
A mysterious force pulls you upwards. The hatch slams shut behind you.
Evoke which item? (* to show all) (? for menu, Esc to quit)
Aiming: Dig
Press: ? - help, Shift-Dir - straight line A rock wall.
This square is covered in magical glow.
The rock shatters into small pieces.
You feel a surge of power!
You feel sluggish.
There is a staircase leading out of the dungeon here.
You can't go down here!
You have escaped!

.# #.......#
.#
P♣♣♣♣#...###.#
.# ...P.#...#
#.# .#
.P.P.#...# #.#
.# .P♣..#...#
#.# ##
...PP#...# #.#
.....#..§# #.#
####
P..♣.#§..# #.#
...#
PP...#.@.# #.#
...#
.PPP.#.§.###.#
...#
.PP.....§....#
...#
.P..♣#...###.#
...#
...P.#...# #.#
####
P..P.#...# #.#
####
P♣PP.#...# #.#
...# ♣PPP#...#
#.# ...#
######...###.#


There were no monsters in sight!

Vanquished Creatures
  the Royal Jelly (Slime:5)
  2 pandemonium lords
  14 orbs of fire
  3 juggernauts
  6 ancient liches
  3 shard shrikes (Zig:18)
  4 Killer Klowns
  The ghost of Xextet the Wrestler, an adept TrMo of Qazlal (Elf:2)
  5 caustic shrikes
  A curse toe (Zot:1)
  12 golden dragons
  A bone dragon (Abyss:4)
  The ghost of Utsato the Stormcaller, an adept DrAE of Sif Muna (Vaults:3)
  Nikola (Shoals:4)
  2 Brimstone Fiends (Zig:15)
  A Tzitzimitl (D:12)
  23 tentacled monstrosities
  5 electric golems
  4 hellephants
  A Hell Sentinel (Zig:4)
  2 titans
  3 deep elf blademasters
  5 liches
  6 quicksilver dragons
  25 Orb Guardians
  Asterion (Vaults:3)
  2 deep elf master archers (Elf:3)
  2 Executioners (Zig:22)
  8 death cobs
  25 acid blobs
  13 tentacled starspawn
  Frances (D:14)
  A kraken (Shoals:3)
  8 draconian monks
  4 sphinxes (Vaults:5)
  4 tengu reavers
  Gastronok (D:9)
  10 shadow dragons
  14 storm dragons
  14 azure jellies
  A revenant (Abyss:5)
  22 nagarajas
  16 vault wardens
  7 draconian scorchers
  17 frost giants
  5 deep elf sorcerers
  An iron dragon (Abyss:1)
  3 orc warlords
  11 balrugs
  13 draconian knights
  Louise (Depths:4)
  32 large abominations
  5 cacodemons
  17 fire giants
  7 ghost moths
  A caustic shrike zombie (Zig:15)
  8 draconian shifters
  10 draconian annihilators
  3 deep elf elementalists
  5 draconian stormcallers
  17 ironheart preservers
  An angel (Abyss:3)
  5 reapers
  A juggernaut skeleton (Depths:1)
  A caustic shrike skeleton (Zig:15)
  29 very ugly things
  5 spriggan defenders
  23 stone giants
  A war gargoyle (Vaults:5)
  2 entropy weavers
  8 deep elf demonologists
  2 vampire knights
  12 black draconians
  6 red draconians
  10 green draconians
  13 purple draconians
  9 spark wasps
  A dire elephant (Zig:19)
  3 halazid warlocks (Desolation)
  13 deep elf annihilators
  8 yellow draconians
  16 white draconians
  An eidolon (Abyss:4)
  3 merfolk javelineers (Shoals:4)
  4 blizzard demons (Zig:18)
  11 merfolk impalers
  2 green deaths
  10 deep elf death magi
  5 ragged hierophants
  2 death oozes (Slime:5)
  A quicksilver dragon zombie (Zig:15)
  14 ettins
  13 yaktaur captains
  7 great orbs of eyes
  5 deep elf high priests
  Fannar (D:11)
  9 ice dragons
  3 jiangshi (Depths:3)
  Josephine (D:11)
  4 rakshasas
  12 fire dragons
  A juggernaut simulacrum (Depths:1)
  44 vault guards
  An ice dragon (shapeshifter) (Vaults:5)
  A hell beast (Depths:3)
  4 merfolk avatars
  8 anacondas
  19 naga warriors
  5 spriggan air magi
  6 peacekeepers (Desolation)
  A monstrous demonspawn (Depths:3)
  12 hydras
  4 servants of whispers
  Erica (D:8)
  An alligator snapping turtle (Shoals:1)
  A two-headed ogre (shapeshifter) (Zig:9)
  6 death knights
  8 centaur warriors
  13 ogre magi
  2 merfolk aquamancers (Shoals:4)
  4 satyrs
  A deep troll shaman (Vaults:3)
  35 dancing weapons
  2 death yaks
  47 two-headed ogres
  6 tengu warriors
  A shock serpent (shapeshifter) (Zig:16)
  3 alligators (Zig:13)
  2 spriggan berserkers (Depths:5)
  A vampire mage (Depths:3)
  13 thrashing horrors
  5 orc high priests
  24 naga sharpshooters
  A titan zombie (Depths:1)
  34 deep elf knights
  4 sun demons (Abyss:4)
  3 storm dragon zombies
  3 salamander mystics
  2 sixfirhies
  A soul eater (Depths:3)
  13 shock serpents
  10 wretched stars
  14 sea snakes
  5 hell knights
  2 shadow wraiths (Vaults:4)
  2 skeletal warriors
  2 fire crabs (shapeshifter)
  A glowing orange brain (shapeshifter) (Depths:4)
  4 fire crabs
  9 deep trolls
  3 golden dragon zombies
  3 spatial maelstroms
  A death drake (Zig:13)
  2 unseen horrors
  3 spark wasp zombies
  2 flayed ghosts
  A quicksilver dragon simulacrum (Zig:16)
  8 glowing orange brains
  An obsidian statue (Zot:5)
  9 wizards
  A spriggan druid (Zig:13)
  A torturous demonspawn (Depths:3)
  11 naga ritualists
  2 phantasmal warriors
  A harpy (shapeshifter) (Abyss:4)
  15 ironbrand convokers
  A swamp dragon (Zig:13)
  A golden dragon skeleton (Zig:15)
  A shambling mangrove (Zig:13)
  2 necromancers (Depths:1)
  23 orc knights
  A tengu zombie (Zig:10)
  28 deep elf archers
  10 harpies
  An iron dragon zombie (Zig:10)
  An orb spider (Zig:6)
  A shadow dragon zombie (Zig:15)
  12 mana vipers
  2 lindwurms
  79 deep elf magi
  4 orc sorcerers
  7 manticores
  19 salamanders
  3 frost giant zombies
  A shining eye (shapeshifter) (Vaults:5)
  48 ugly things
  8 oklob plants
  2 wolf spiders (Zig:6)
  13 shining eyes
  18 cyclopes
  4 worldbinders
  14 fauns
  6 merfolk sirens
  10 elephants
  20 moths of wrath
  Maurice (Orc:2)
  29 naga magi
  A rust devil (D:15)
  4 water nymphs
  55 black mambas
  Psyche (D:9)
  9 guardian serpents
  4 apocalypse crabs (Abyss:4)
  4 ice statues
  10 smoke demons
  A gargoyle (D:14)
  3 torpor snails (Zig:19)
  6 eyes of devastation
  22 vault sentinels
  8 orange demons
  2 molten gargoyles
  12 komodo dragons
  An elf skeleton (Zig:15)
  17 spiny frogs
  A storm dragon simulacrum (Abyss:4)
  4 hellions
  17 rime drakes
  2 spriggan zombies
  2 kobold demonologists
  4 hellwings (Abyss:4)
  27 yaktaurs
  4 demonic crawlers
  A rime drake (shapeshifter) (Abyss:1)
  12 efreet
  16 freezing wraiths
  A komodo dragon (shapeshifter) (Vaults:2)
  2 tormentors
  A polar bear (Zig:19)
  A redback zombie (D:15)
  8 ice devils
  13 ancient zymes
  3 tengu conjurers
  8 trolls
  3 red devils
  A queen bee (D:15)
  4 meliai
  7 wind drakes
  23 merfolk
  3 sphinx simulacra
  21 small abominations
  45 saltlings
  9 blink frogs
  A slime creature (shapeshifter) (Elf:3)
  A tengu simulacrum (Zig:18)
  A wind drake (shapeshifter) (Vaults:1)
  2 queen bees (shapeshifter)
  13 raiju
  A tyrant leech (Zig:13)
  5 hornets
  126 slime creatures
  7 snapping turtles
  4 dream sheep (Shoals:1)
  11 hippogriffs
  2 bog bodies (Zig:13)
  A deep troll zombie (Depths:1)
  A hornet (shapeshifter) (Zig:5)
  A fire giant simulacrum (Abyss:3)
  2 air elementals (Elf:3)
  57 starcursed masses
  A flying skull (Zig:15)
  7 spriggans
  18 water elementals
  5 fire bats (Volcano)
  7 wraiths
  2 wyverns
  11 ynoxinuls
  12 yaks
  A hog (shapeshifter) (Vaults:3)
  2 redbacks
  2 tarantellas
  A fire dragon skeleton (Depths:1)
  4 basilisks
  A yak (shapeshifter) (D:15)
  Eustachio (D:4)
  4 hungry ghosts
  12 fire elementals
  5 neqoxecs
  Grum (Lair:1)
  11 golden eyes
  14 steam dragons
  2 chaos spawn
  6 wargs
  46 nagas
  3 acid dragons
  2 soldier ants
  An insubstantial wisp (Abyss:1)
  15 hell hounds
  9 porcupines
  A spatial vortex (Abyss:4)
  17 water moccasins
  2 floating eyes
  41 orc warriors
  A water moccasin (shapeshifter) (Vaults:3)
  A swamp drake (Zig:13)
  Duvessa (D:4)
  An ettin simulacrum (Vaults:2)
  A black bear (D:10)
  An ice beast (shapeshifter) (Vaults:5)
  3 sky beasts
  A hornet zombie (D:13)
  17 ice beasts
  4 phantoms
  10 eyes of draining
  12 boggarts
  3 necrophages
  10 wolves
  21 centaurs
  44 ogres
  12 crocodiles
  An elf simulacrum (Zig:18)
  4 big kobolds
  4 elf zombies
  5 earth elementals
  17 bullfrogs
  A glowing shapeshifter simulacrum (Zig:18)
  A water moccasin zombie (D:6)
  Dowan (D:4)
  2 wyvern skeletons
  3 scorpions
  A killer bee (shapeshifter) (Vaults:3)
  34 killer bees
  5 howler monkeys
  7 lava snakes (Volcano)
  9 wights
  A bullfrog zombie (D:13)
  A centaur zombie (D:12)
  12 crimson imps
  2 human simulacra
  7 jellies
  6 iron imps
  14 orc wizards
  A human zombie (Ossuary)
  7 centaur skeletons
  17 orc priests
  6 quasits
  6 hounds
  Ijyb (D:3)
  An iguana (shapeshifter) (Vaults:3)
  5 iguanas
  A lightning spire (Zig:11)
  7 worker ants
  A killer bee zombie (D:9)
  A hound zombie (D:8)
  2 mummies (Ossuary)
  A hound skeleton (D:4)
  A worker ant zombie (D:6)
  A gnoll (shapeshifter) (Vaults:3)
  An adder (shapeshifter) (Vaults:3)
  12 adders
  7 shadow imps
  15 white imps
  4 ufetubi
  An ooze (D:1)
  2 adder skeletons (D:4)
  6 worms
  2 worms (shapeshifter) (Vaults:3)
  2 dart slugs
  7 leopard geckos
  70 orcs
  9 bats
  9 giant cockroaches
  4 gnoll zombies (Ossuary)
  6 goblins
  A hobgoblin (shapeshifter) (Vaults:3)
  3 hobgoblins
  23 jackals
  A ball python (D:4)
  6 frilled lizards
  4 goblin zombies (Ossuary)
  A hobgoblin zombie (Ossuary)
  A jackal skeleton (D:6)
  9 kobolds
  3 orc zombies (Ossuary)
  3 rats
  5 crawling corpses
  2 fungi
  2 lost souls (Zig:19)
  3 lurking horrors
  5 plants
  16 starspawn tentacles
  3 tentacles (Shoals:3)
3039 creatures vanquished.

Vanquished Creatures (collateral kills)
  A golden dragon (Zot:1)
  A tentacled monstrosity (Zot:1)
  An Ice Fiend (Zig:18)
  2 acid blobs
  Polyphemus (Shoals:2)
  A balrug (Zig:15)
  A draconian shifter (Zig:14)
  A very ugly thing (Depths:2)
  A death ooze (Zig:21)
  A crystal guardian (Desolation)
  A ragged hierophant (Desolation)
  A peacekeeper (Desolation)
  A hydra (Zig:19)
  A servant of whispers (Desolation)
  Erolcha (D:13)
  An ice dragon (Depths:2)
  4 anacondas
  A centaur warrior (D:13)
  A catoblepas (Shoals:2)
  3 hell knights
  A shock serpent (Snake:2)
  A swamp dragon (Zig:13)
  An orb spider (shapeshifter) (Depths:2)
  A manticore (D:13)
  2 moths of wrath (Zot:1)
  2 salamanders (Snake:3)
  4 shining eyes
  2 guardian serpents
  A black mamba (Snake:3)
  An eye of devastation (Zig:21)
  A spiny frog (Zig:19)
  A gargoyle (D:13)
  2 yaktaurs (Depths:2)
  2 merfolk (Shoals:2)
  7 saltlings (Desolation)
  A hornet (Depths:2)
  A snapping turtle (Shoals:2)
  3 slime creatures
  A flying skull (Zig:15)
  2 wraiths (Zig:15)
  A spriggan (Depths:2)
  A neqoxec (Zig:16)
  A water moccasin (Zig:19)
  4 eyes of draining
  An ice beast (Zig:18)
  A glowing shapeshifter simulacrum (Zig:18)
  A wight (Zig:15)
  A hound (D:13)
74 creatures vanquished.

Vanquished Creatures (others)
  the Enchantress (Depths:2)
  A storm dragon (Vaults:5)
  A nagaraja (Zig:20)
  A fire giant (Depths:3)
  A draconian knight (Zot:4)
  A war gargoyle (Vaults:4)
  4 stone giants
  A black draconian (Depths:5)
  A deep elf annihilator (Elf:3)
  2 yellow draconians (Depths:5)
  A merfolk javelineer (Depths:4)
  5 yaktaur captains
  2 centaur warriors
  2 satyrs (Shoals:3)
  A naga sharpshooter (Zig:20)
  A hell knight (Depths:5)
  2 deep elf knights (Elf:3)
  A phantasmal warrior (Vaults:5)
  A naga ritualist (Zig:20)
  2 deep elf archers
  2 harpies
  3 deep elf magi
  A faun (Shoals:3)
  A manticore (Shoals:4)
  An ugly thing (Depths:3)
  2 black mambas
  19 yaktaurs
  A hornet (Depths:3)
  4 water elementals
  An air elemental (Elf:1)
  A neqoxec (Abyss:3)
  3 centaurs
  2 fungi
  6 lost souls (Zig:19)
  7 plants
  28 starspawn tentacles
  4 tentacles (Shoals:3)
118 creatures vanquished.

Grand Total: 3231 creatures vanquished

Notes
Turn   | Place    | Note
-------+----------+-------------------------------------------
     0 | D:1      | frimble the Demonspawn Fighter began the quest for the Orb.
     0 | D:1      | Reached XP level 1. HP: 18/18 MP: 1/1
   436 | D:1      | Gained mutation: You sometimes gain a little power by
                  | taking damage. [demonic ancestry]
   436 | D:1      | Reached XP level 2. HP: 24/24 MP: 2/2
  1051 | D:2      | Gained mutation: You are partially covered in large bone
                  | plates. (SH +4) [demonic ancestry]
  1051 | D:2      | Reached XP level 3. HP: 29/29 MP: 3/3
  1640 | D:2      | Gained mutation: When hurt, damage is shared between your
                  | health and your magic reserves. [demonic ancestry]
  1640 | D:2      | Reached XP level 4. HP: 30/35 MP: 4/4
  2699 | D:3      | Reached XP level 5. HP: 39/41 MP: 5/5
  2799 | D:3      | Reached skill level 5 in Axes
  2952 | D:3      | Noticed Ijyb
  2999 | D:3      | Killed Ijyb
  3651 | D:4      | Found a sand-covered staircase.
  3667 | Ossuary  | Entered an ossuary
  3690 | Ossuary  | Gained mutation: You have a pair of small horns on your
                  | head. [demonic ancestry]
  3690 | Ossuary  | Reached XP level 6. HP: 47/47 MP: 6/6
  3942 | D:4      | Noticed Duvessa
  3948 | D:4      | Noticed Dowan
  3949 | D:4      | Killed Duvessa
  3949 | D:4      | Gained mutation: You have a pair of horns on your head.
                  | [demonic ancestry]
  3949 | D:4      | Reached XP level 7. HP: 49/52 MP: 5/7
  3965 | D:4      | Killed Dowan
  4126 | D:4      | Noticed Eustachio
  4155 | D:5      | Entered Level 5 of the Dungeon
  4375 | D:4      | Killed Eustachio
  4633 | D:5      | Found Siejeng Hixe's Magic Scroll Emporium.
  4652 | D:5      | Bought a scroll of noise for 15 gold pieces
  4653 | D:5      | Bought a scroll of brand weapon for 300 gold pieces
  4653 | D:5      | Bought a scroll of remove curse for 45 gold pieces
  4653 | D:5      | Bought a scroll of identify for 30 gold pieces
  4691 | D:5      | Gained mutation: You have a pair of large horns on your
                  | head. [demonic ancestry]
  4691 | D:5      | Reached XP level 8. HP: 50/58 MP: 6/8
  5364 | D:6      | Found a shattered altar of Ashenzari.
  5605 | D:6      | Reached skill level 5 in Fighting
  5616 | D:6      | Got a steaming falchion
  5617 | D:6      | Identified the +3 falchion of Hubrui {slice, +Fly rF+} (You
                  | found it on level 6 of the Dungeon)
  5658 | D:6      | Found a staircase to the Ecumenical Temple.
  5897 | D:7      | Gained mutation: You sometimes gain power by taking damage.
                  | [demonic ancestry]
  5897 | D:7      | Reached XP level 9. HP: 66/69 MP: 9/9
  5931 | D:7      | Found a stormy altar of Qazlal.
  5949 | D:7      | Became a worshipper of Qazlal Stormbringer
  6089 | D:7      | Reached skill level 1 in Invocations
  6393 | D:8      | Reached skill level 1 in Evocations
  6488 | D:8      | Found a bloodstained altar of Trog.
  6548 | D:8      | Reached skill level 10 in Axes
  6614 | D:8      | Reached * piety under Qazlal
  6846 | D:8      | Noticed Erica
  6855 | D:8      | Killed Erica
  7273 | D:9      | Found a runed gate.
  7273 | D:9      | Found a runed gate.
  7274 | D:9      | Found a runed gate.
  7276 | D:9      | Noticed murkyfrogboy's ghost (journeyman MiGl)
  7330 | D:9      | Noticed Psyche
  7334 | D:9      | Killed Psyche
  7334 | D:9      | Gained mutation: Your flesh is heat resistant. (rF+)
                  | [demonic ancestry]
  7334 | D:9      | Reached XP level 10. HP: 79/79 MP: 11/13
  7403 | D:9      | Noticed Gastronok
  7434 | D:9      | Killed Gastronok
  7434 | D:9      | Reached skill level 5 in Invocations
  7567 | D:9      | Found a shattered altar of Ashenzari.
  7567 | D:9      | Found an opulent altar of Gozag.
  7568 | D:9      | Found a shadowy altar of Dithmenos.
  7775 | D:10     | Entered Level 10 of the Dungeon
  7795 | D:10     | Reached ** piety under Qazlal
  8147 | D:10     | Reached skill level 5 in Shields
  8156 | D:10     | Found a staircase to the Lair.
  8310 | D:10     | Reached skill level 5 in Armour
  8651 | D:11     | Noticed a centaur warrior
  8668 | D:11     | Killed a centaur warrior
  8668 | D:11     | Gained mutation: You are immune to clouds of flame.
                  | [demonic ancestry]
  8668 | D:11     | Reached XP level 11. HP: 28/86 MP: 7/15
  8719 | D:11     | Noticed Josephine
  8789 | D:11     | Noticed Fannar
  8799 | D:11     | Killed Josephine
  8800 | D:11     | Reached skill level 5 in Evocations
  8842 | D:11     | Killed Fannar
  9018 | D:11     | Reached *** piety under Qazlal
  9080 | D:11     | Found a staircase to the Orcish Mines.
  9675 | D:12     | Found a frozen archway.
  9675 | D:12     | Noticed a two-headed ogre
  9681 | IceCv    | Entered an ice cave
  9681 | IceCv    | Noticed a white ugly thing
  9685 | IceCv    | Found a transporter.
  9693 | IceCv    | Killed a white ugly thing
  9754 | IceCv    | Noticed a white ugly thing
  9771 | IceCv    | Killed a white ugly thing
  9774 | IceCv    | Found a transporter.
 10044 | D:12     | Killed a two-headed ogre
 10044 | D:12     | Reached **** piety under Qazlal
 10044 | D:12     | Reached XP level 12. HP: 76/95 MP: 18/18
 10059 | D:12     | Noticed a five-headed hydra
 10064 | D:12     | Killed a five-headed hydra
 10775 | D:13     | Noticed a centaur warrior
 10872 | D:9      | Got a dazzling scale mail
 10883 | D:9      | Identified the +3 scale mail of the Mind {rCorr Str+6
                  | Dex-5} (You found it on level 9 of the Dungeon)
 10927 | Lair:1   | Entered Level 1 of the Lair of Beasts
 10993 | Lair:1   | Noticed Grum
 11009 | Lair:1   | Killed Grum
 11812 | Lair:2   | Reached skill level 10 in Fighting
 11812 | Lair:2   | Reached skill level 10 in Invocations
 11846 | Lair:2   | Identified a scroll of acquirement
 11847 | Lair:2   | Got a crude brass ring
 11848 | Lair:2   | Identified the ring "Koni" {rPois MR+ MP+9 Str+4} (You
                  | acquired it on level 2 of the Lair of Beasts)
 11876 | Lair:2   | Found a dark tunnel.
 11886 | Volcano  | Entered a volcano
 12067 | Volcano  | Found a bloodstained altar of Trog.
 12097 | Volcano  | Noticed a fire dragon
 12112 | Volcano  | Killed a fire dragon
 13226 | Lair:3   | Gained mutation: You regenerate magic rapidly. [demonic
                  | ancestry]
 13226 | Lair:3   | Reached XP level 13. HP: 53/104 MP: 14/21
 13236 | Lair:3   | Reached ***** piety under Qazlal
 13604 | Lair:3   | Found a staircase to the Shoals.
 13728 | Lair:3   | Found a staircase to the Snake Pit.
 14105 | Lair:4   | Noticed a fire dragon
 14116 | Lair:4   | Killed a fire dragon
 15109 | Lair:5   | Reached ****** piety under Qazlal
 15175 | Lair:5   | Found a staircase to the Slime Pits.
 15629 | Lair:5   | Got a twisted chain mail
 15647 | Lair:5   | Identified the +3 chain mail of Lueciup {rElec rF++ MR++}
                  | (You found it on level 5 of the Lair of Beasts)
 15767 | Lair:6   | Entered Level 6 of the Lair of Beasts
 15909 | Lair:4   | Reached XP level 14. HP: 43/114 MP: 23/23
 16129 | Orc:1    | Entered Level 1 of the Orcish Mines
 16133 | Orc:1    | Found a roughly hewn altar of Beogh.
 16143 | Orc:1    | Reached skill level 10 in Shields
 16647 | Orc:1    | Found Duihin Uzunn's Distillery.
 16676 | Orc:1    | Bought a potion of heal wounds for 55 gold pieces
 16927 | Orc:2    | Entered Level 2 of the Orcish Mines
 17133 | Orc:2    | Noticed a stone giant
 17138 | Orc:2    | Noticed Maurice
 17240 | Orc:2    | Killed a stone giant
 17851 | D:13     | Noticed Erolcha
 17866 | D:13     | Killed Erolcha
 18564 | D:14     | Found a gate to the Vaults.
 18625 | D:14     | Noticed Frances
 18628 | D:14     | Killed Frances
 19298 | D:15     | Entered Level 15 of the Dungeon
 19544 | D:15     | Found a staircase to the Depths.
 19544 | D:15     | Noticed a fire giant
 19557 | D:15     | Killed a fire giant
 19557 | D:15     | Reached XP level 15. HP: 90/120 MP: 26/26
 19940 | D:15     | Reached skill level 15 in Invocations
 20436 | Orc:2    | Killed Maurice
 20468 | Orc:2    | Found Rumom's Antique Weapon Emporium.
 20499 | Orc:2    | Found a staircase to the Elven Halls.
 20571 | Orc:2    | Found Okkaoc's General Store.
 20657 | Orc:2    | Found Ustitsan's Antique Armour Boutique.
 20696 | Orc:2    | Bought a heavily runed plate armour for 476 gold pieces
 20699 | Orc:2    | Identified the +12 plate armour "Puol" {rC++} (You bought
                  | it in a shop on level 2 of the Orcish Mines)
 20718 | Orc:2    | Found Zeich's Jewellery Boutique.
 21226 | Snake:1  | Entered Level 1 of the Snake Pit
 22212 | Snake:2  | Reached skill level 15 in Shields
 22219 | Snake:2  | Reached skill level 15 in Axes
 22483 | Shoals:1 | Entered Level 1 of the Shoals
 23275 | Shoals:2 | Reached XP level 16. HP: 101/128 MP: 27/27
 23278 | Shoals:2 | Noticed Polyphemus
 23295 | Shoals:2 | Killed Polyphemus
 24612 | Snake:2  | Got a pitted war axe
 24613 | Snake:2  | Identified the cursed +0 war axe of Honour {freeze, rF-
                  | MP+9 Int+4} (You found it on level 2 of the Snake Pit)
 25113 | Snake:3  | Reached skill level 1 in Crossbows
 25700 | Snake:4  | Entered Level 4 of the Snake Pit
 26101 | Snake:4  | Gained mutation: You are mostly covered in large bone
                  | plates. (SH +6) [demonic ancestry]
 26101 | Snake:4  | Reached XP level 17. HP: 119/137 MP: 29/29
 27028 | Snake:4  | Got a serpentine rune of Zot
 27145 | Snake:4  | Identified the +2 leather armour "Vananitu" {rN+ Str+2}
                  | (You found it on level 4 of the Snake Pit)
 27398 | Vaults:1 | Entered Level 1 of the Vaults
 27999 | Vaults:1 | Reached skill level 5 in Crossbows
 28195 | Vaults:1 | Reached XP level 18. HP: 146/146 MP: 30/30
 29328 | Vaults:2 | Found a staircase to the Crypt.
 29331 | Vaults:2 | Noticed a Brimstone Fiend
 30074 | Vaults:2 | Got a pair of heavily runed gloves
 30075 | Vaults:2 | Identified the +2 pair of gloves of the Wild Haggis {rC+
                  | rCorr MP+9} (You found it on level 2 of the Vaults)
 30151 | Vaults:2 | Identified the cursed +1 plate armour of Claustrophobia
                  | {rC+ rCorr} (You found it on level 2 of the Vaults)
 30217 | Vaults:3 | Paralysed by a great orb of eyes for 6 turns
 30709 | Vaults:3 | Noticed Asterion
 30728 | Vaults:3 | Killed Asterion
 30862 | Vaults:3 | Reached skill level 15 in Fighting
 31075 | Vaults:3 | Found Guicam's Weapon Boutique.
 31101 | Vaults:3 | Gained mutation: You can hurl damnation. [demonic ancestry]
 31101 | Vaults:3 | Reached XP level 19. HP: 144/155 MP: 32/32
 31387 | Vaults:3 | Found a runed gate.
 31387 | Vaults:3 | Found a runed gate.
 31388 | Vaults:3 | Found a runed gate.
 31897 | Vaults:3 | Reached skill level 10 in Evocations
 31913 | Vaults:3 | Found a runed gate.
 31913 | Vaults:3 | Found a runed gate.
 31916 | Vaults:3 | Found a runed gate.
 31934 | Vaults:3 | Noticed Utsato's ghost (adept DrAE)
 31974 | Vaults:3 | Killed Utsato's ghost
 31998 | Vaults:3 | Identified the +0 cloak of Disguise {MR+} (You found it on
                  | level 3 of the Vaults)
 32108 | Vaults:4 | Noticed a lich
 32120 | Vaults:4 | Killed a lich
 32199 | Vaults:4 | Noticed an ancient lich
 32232 | Vaults:4 | Killed an ancient lich
 33593 | Shoals:3 | Gained mutation: You are completely covered in large bone
                  | plates. (SH +8) [demonic ancestry]
 33593 | Shoals:3 | Reached XP level 20. HP: 109/164 MP: 33/33
 34327 | Shoals:4 | Entered Level 4 of the Shoals
 34365 | Shoals:4 | Noticed Nikola
 34482 | Shoals:4 | Reached skill level 10 in Crossbows
 34494 | Shoals:4 | Killed Nikola
 35214 | Shoals:4 | Got a barnacled rune of Zot
 35411 | Shoals:4 | Identified the +3 pair of gloves of Resourcefulness {rF+}
                  | (You found it on level 4 of the Shoals)
 35659 | Depths:1 | Entered Level 1 of the Depths
 36199 | Depths:1 | Identified the +0 pair of gloves "Risayr" {+Fly rElec
                  | Str-3} (You found it on level 1 of the Depths)
 36472 | Depths:1 | Found a gateway to Hell.
 36728 | Depths:1 | Found the +7 Singing Sword
 36997 | Depths:2 | Noticed the Enchantress
 37014 | Depths:2 | Killed the Enchantress
 37023 | Depths:2 | Gained mutation: When low on magic, you restore magic in
                  | place of health. [demonic ancestry]
 37023 | Depths:2 | Reached XP level 21. HP: 134/173 MP: 35/35
 37054 | Depths:2 | Identified the +7 faerie dragon scales {+Fly rPois rCorr
                  | Dex-5 Clar} (You found it on level 2 of the Depths)
 37077 | Depths:2 | Got a faintly glowing pewter ring
 37078 | Depths:2 | Identified the ring of Awe {rElec rF- Int+4 Dex+3 Stlth+}
                  | (You acquired it on level 2 of the Depths)
 37260 | Depths:2 | Noticed a golden dragon
 37262 | Depths:2 | Noticed a caustic shrike
 37836 | Depths:2 | Identified the cursed -3 shield of Jiffy {MR+ Int+8 Stlth-}
                  | (You found it on level 2 of the Depths)
 37916 | Depths:2 | Found a transporter.
 37929 | Depths:2 | Found a transporter.
 38953 | Depths:3 | Found a gateway to a ziggurat.
 38993 | Depths:3 | Found Jezxowk's Gadget Shop.
 38993 | Depths:3 | Found Elilutyk's Jewellery Shoppe.
 38994 | Depths:3 | Found Zuxtiely's Jewellery Shoppe.
 39343 | Depths:3 | Found an iron altar of Okawaru.
 39488 | Depths:3 | Identified the +0 large shield of the Boiling Point {rPois
                  | Int+3} (You found it on level 3 of the Depths)
 39557 | Depths:3 | Found a one-way gate leading to the halls of Pandemonium.
 39730 | Depths:3 | Found a one-way gate to the infinite horrors of the Abyss.
 39977 | Depths:4 | Found a portal to a secret trove of treasure.
 39980 | Depths:4 | Found a flickering gateway to a bazaar.
 39986 | Bazaar   | Entered a bazaar
 39986 | Bazaar   | Found Paaxtaeh's General Store.
 39986 | Bazaar   | Found Gosofoaze's Antique Weapon Shop.
 40032 | Bazaar   | Found Ynehich's Antique Armour Shop.
 40040 | Bazaar   | Bought the +2 ratskin cloak {+Rats rPois rN+ Str-1 Int-1
                  | Dex+1} for 1112 gold pieces
 40040 | Bazaar   | Found the +2 ratskin cloak {+Rats rPois rN+ Str-1 Int-1
                  | Dex+1}
 40040 | Bazaar   | Bought an ichor-stained cloak for 380 gold pieces
 40040 | Bazaar   | Identified the cursed +0 cloak of Slovenliness {rCorr Str+8
                  | Dex+4} (You bought it in a shop in a bazaar)
 40060 | Bazaar   | Bought a scroll of identify for 26 gold pieces
 40060 | Bazaar   | Bought a scroll of identify for 26 gold pieces
 40128 | Depths:4 | Paralysed by a floating eye for 2 turns
 40140 | Depths:4 | Paralysed by a floating eye for 4 turns
 40148 | Depths:4 | Gained mutation: You are powered by pain. [demonic
                  | ancestry]
 40148 | Depths:4 | Reached XP level 22. HP: 144/183 MP: 37/37
 40199 | Depths:4 | You paid a toll of +4 fire dragon scales to enter a
                  | treasure trove
 40200 | Trove    | Entered a treasure trove
 40203 | Trove    | Found the +7 great mace "Undeadhunter" {disrupt, rN+}
 40204 | Trove    | Found the +7 lajatang of Order {silver, rMut}
 40522 | Depths:4 | Noticed Louise
 40540 | Depths:4 | Killed Louise
 40619 | Depths:4 | Found Nooffad's Distillery.
 40622 | Depths:4 | Bought a potion of heal wounds for 65 gold pieces
 40622 | Depths:4 | Bought a potion of might for 52 gold pieces
 40622 | Depths:4 | Bought a potion of resistance for 130 gold pieces
 40622 | Depths:4 | Bought a potion of berserk rage for 65 gold pieces
 40622 | Depths:4 | Bought a potion of flight for 39 gold pieces
 40622 | Depths:4 | Bought a potion of heal wounds for 65 gold pieces
 40622 | Depths:4 | Bought a potion of curing for 39 gold pieces
 40701 | Depths:4 | Found Qaussilo's Book Emporium.
 40706 | Depths:4 | Bought a book of Power for 540 gold pieces
 40748 | Depths:4 | Noticed a juggernaut
 40752 | Depths:4 | Banished a juggernaut
 40782 | Depths:4 | Noticed a caustic shrike
 41013 | Depths:4 | Found the +5 pair of quick blades "Gyre" and "Gimble"
                  | {pierce, Dex-3}
 41158 | Depths:4 | Killed a caustic shrike
 41502 | Depths:5 | Entered Level 5 of the Depths
 41545 | Depths:5 | Reached skill level 15 in Crossbows
 41656 | Depths:5 | Found a magical portal.
 42606 | Depths:5 | Noticed a golden dragon
 42621 | Depths:5 | Killed a golden dragon
 42703 | Depths:5 | Found a gate to the Realm of Zot.
 43386 | Elf:1    | Entered Level 1 of the Elven Halls
 43696 | Elf:1    | Found a ruined gateway.
 43707 | Desolati | Entered the Desolation of Salt
 44146 | Desolati | Identified the Collected Works on the Fetching Volcanoes
 44168 | Desolati | Reached XP level 23. HP: 194/194 MP: 38/38
 44284 | Desolati | Identified Pupt's Disquisition on Clay
 44292 | Desolati | Identified Geciugh's Volume of Glacial Transformation
 44385 | Desolati | Got a heavily runed wooden ring
 44386 | Desolati | Identified Dyij's Grimoire of Fire and Conjuration
 44474 | Desolati | Identified the Incunabulum of the Rocks and Fire
 45427 | Elf:1    | Identified the ring "Ivu Goak" {*Contam rF+ rC+ SInv} (You
                  | found it in the Desolation of Salt)
 45448 | Elf:2    | Found a runed gate.
 45448 | Elf:2    | Found a runed gate.
 45448 | Elf:2    | Found a runed gate.
 45448 | Elf:2    | Noticed Xextet's ghost (adept TrMo)
 45505 | Elf:2    | Killed Xextet's ghost
 45875 | Elf:2    | Found a runed gate.
 45875 | Elf:2    | Found a runed gate.
 45877 | Elf:2    | Found a runed gate.
 45888 | Elf:2    | Found Uziaforr's Armour Shop.
 46420 | Elf:3    | Entered Level 3 of the Elven Halls
 46900 | Elf:3    | Got a warped copper amulet
 46927 | Elf:3    | Identified the amulet "Ycurayx" {RegenMP rN+ Dex+8} (You
                  | took it off a deep elf death mage on level 3 of the Elven
                  | Halls)
 46944 | Elf:3    | Got a flickering golden amulet
 46945 | Elf:3    | Identified the amulet of Loveskoc {Regen+ Str+7} (You took
                  | it off a deep elf annihilator on level 3 of the Elven
                  | Halls)
 47189 | Elf:3    | Found Funac's Armour Emporium.
 47440 | Elf:3    | Identified the +1 scale mail "Ibumn" {rN+} (You found it on
                  | level 3 of the Elven Halls)
 48009 | Vaults:5 | Entered Level 5 of the Vaults
 48027 | Vaults:5 | Reached XP level 24. HP: 164/206 MP: 39/39
 48524 | Vaults:5 | Reached skill level 27 in Invocations
 48895 | Vaults:5 | Reached XP level 25. HP: 215/219 MP: 40/40
 49137 | Vaults:5 | Identified the Catalogue of Unholy Secrets
 49141 | Vaults:5 | Got a silver rune of Zot
 49195 | Vaults:5 | Identified the Reference Book on Mutagenic Snow
 49314 | Vaults:5 | Cast into level 2 of the Abyss (a deep elf sorcerer)
 49321 | Abyss:2  | Learned a level 1 spell: Apportation
 49325 | Abyss:3  | Learned a level 3 spell: Regeneration
 49329 | Abyss:3  | Learned a level 3 spell: Portal Projectile
 49332 | Abyss:3  | Learned a level 2 spell: Swiftness
 49345 | Vaults:5 | Escaped the Abyss
 50021 | Orc:2    | Bought a pair of runed boots for 127 gold pieces
 50355 | Zot:1    | Entered Level 1 of the Realm of Zot
 50379 | Zot:1    | Reached skill level 1 in Translocations
 50383 | Zot:1    | Reached skill level 1 in Necromancy
 50385 | Zot:1    | Reached skill level 1 in Spellcasting
 50385 | Zot:1    | Reached skill level 1 in Hexes
 50388 | Zot:1    | Reached skill level 1 in Charms
 50388 | Zot:1    | Reached skill level 1 in Air Magic
 51044 | Depths:4 | Voluntarily entered the Abyss.
 51046 | Abyss:1  | Found a corrupted altar of Lugonu.
 51109 | Abyss:1  | Found a corrupted altar of Lugonu.
 51121 | Abyss:1  | Found a radiant altar of Vehumet.
 51149 | Abyss:1  | Killed a juggernaut
 51311 | Abyss:3  | Found a corrupted altar of Lugonu.
 51412 | Abyss:3  | Found a corrupted altar of Lugonu.
 51632 | Abyss:4  | Reached skill level 5 in Translocations
 51731 | Abyss:4  | Paralysed by accursed screaming for 1 turns
 51856 | Abyss:4  | Reached skill level 5 in Spellcasting
 51984 | Abyss:4  | Reached skill level 5 in Necromancy
 52003 | Abyss:4  | Reached XP level 26. HP: 57/229 MP: 33/40
 52146 | Abyss:4  | Gained mutation: You are occasionally teleported next to
                  | monsters. [a neqoxec]
 52150 | Abyss:4  | Gained mutation: You are clumsy. (Dex -2) [a neqoxec]
 52154 | Abyss:4  | Paralysed by accursed screaming for 2 turns
 52171 | Abyss:4  | Paralysed by accursed screaming for 2 turns
 52175 | Abyss:4  | Paralysed by accursed screaming for 2 turns
 52176 | Abyss:4  | HP: 8/229 [starcursed mass/accursed screaming (10)]
 52319 | Abyss:4  | Reached skill level 5 in Hexes
 52464 | Abyss:4  | Lost mutation: You are clumsy. (Dex -2) [potion of
                  | mutation]
 52464 | Abyss:4  | Lost mutation: You are occasionally teleported next to
                  | monsters. [potion of mutation]
 52464 | Abyss:4  | Gained mutation: You have supernaturally acute eyesight.
                  | (SInv) [potion of mutation]
 52523 | Abyss:5  | Entered Level 5 of the Abyss
 52561 | Depths:4 | Escaped the Abyss
 52844 | Slime:1  | Entered Level 1 of the Pits of Slime
 52907 | Slime:2  | Gained mutation: You are frail. (-10% HP) [a shining eye]
 52911 | Slime:2  | Lost mutation: You have supernaturally acute eyesight.
                  | (SInv) [a shining eye]
 52912 | Slime:2  | Gained mutation: Armour fits poorly on your strangely
                  | shaped body. [a shining eye]
 53014 | Slime:3  | Gained mutation: You do not regenerate when monsters are
                  | visible. [a shining eye]
 53016 | Slime:3  | Gained mutation: You are occasionally teleported next to
                  | monsters. [a shining eye]
 53035 | Slime:3  | Lost mutation: Armour fits poorly on your strangely shaped
                  | body. [potion of mutation]
 53035 | Slime:3  | Lost mutation: You are frail. (-10% HP) [potion of
                  | mutation]
 53035 | Slime:3  | Lost mutation: You are occasionally teleported next to
                  | monsters. [potion of mutation]
 53035 | Slime:3  | Gained mutation: You tend to lose your temper in combat.
                  | [potion of mutation]
 53035 | Slime:3  | Gained mutation: You can translocate small distances at
                  | will. [potion of mutation]
 53036 | Slime:3  | Lost mutation: You tend to lose your temper in combat.
                  | [potion of mutation]
 53036 | Slime:3  | Lost mutation: You do not regenerate when monsters are
                  | visible. [potion of mutation]
 53036 | Slime:3  | Gained mutation: Your spells are a little easier to cast,
                  | but a little less powerful. [potion of mutation]
 53036 | Slime:3  | Gained mutation: Scrolls take you a little longer to read.
                  | [potion of mutation]
 53036 | Slime:3  | Lost mutation: Scrolls take you a little longer to read.
                  | [potion of mutation]
 53110 | Slime:4  | Gained mutation: You occasionally shout uncontrollably at
                  | your foes. [a shining eye]
 53112 | Slime:4  | Gained mutation: You are dopey. (Int -2) [a shining eye]
 53116 | Slime:4  | Gained mutation: Armour fits poorly on your strangely
                  | shaped body. [a shining eye]
 53125 | Slime:4  | Gained mutation: You are frail. (-10% HP) [a shining eye]
 53137 | Slime:4  | Reached skill level 5 in Charms
 53234 | Slime:5  | Entered Level 5 of the Pits of Slime
 53245 | Slime:5  | Noticed the Royal Jelly
 53251 | Slime:5  | Killed the Royal Jelly
 53265 | Slime:5  | Paralysed by a great orb of eyes for 6 turns
 53277 | Slime:5  | Gained mutation: You are weak. (Str -2) [a shining eye]
 53282 | Slime:5  | Reached skill level 10 in Spellcasting
 53284 | Slime:5  | Gained mutation: You tend to lose your temper in combat. [a
                  | shining eye]
 53550 | Slime:5  | Got a slimy rune of Zot
 53615 | Slime:5  | Identified the Reference Book on Talismans and
                  | Transmigration
 53721 | Slime:5  | Lost mutation: You are dopey. (Int -2) [potion of mutation]
 53721 | Slime:5  | Lost mutation: You are frail. (-10% HP) [potion of
                  | mutation]
 53721 | Slime:5  | Lost mutation: You are weak. (Str -2) [potion of mutation]
 53721 | Slime:5  | Gained mutation: Your mind is acute. (Int +2) [potion of
                  | mutation]
 53722 | Slime:5  | Lost mutation: You occasionally shout uncontrollably at
                  | your foes. [potion of mutation]
 53722 | Slime:5  | Lost mutation: Your mind is acute. (Int +2) [potion of
                  | mutation]
 53722 | Slime:5  | Lost mutation: You tend to lose your temper in combat.
                  | [potion of mutation]
 53722 | Slime:5  | Gained mutation: You are weak. (Str -2) [potion of
                  | mutation]
 53722 | Slime:5  | Gained mutation: You are resistant to hostile enchantments.
                  | (MR+) [potion of mutation]
 53722 | Slime:5  | Gained mutation: You are very weak. (Str -4) [potion of
                  | mutation]
 53722 | Slime:5  | Gained mutation: You are highly resistant to hostile
                  | enchantments. (MR++) [potion of mutation]
 53723 | Slime:5  | Lost mutation: Your spells are a little easier to cast, but
                  | a little less powerful. [potion of mutation]
 53723 | Slime:5  | Lost mutation: Armour fits poorly on your strangely shaped
                  | body. [potion of mutation]
 53723 | Slime:5  | Gained mutation: You are resistant to electric shocks.
                  | (rElec) [potion of mutation]
 53723 | Slime:5  | Lost mutation: You are very weak. (Str -4) [potion of
                  | mutation]
 53723 | Slime:5  | Gained mutation: Your flesh is cold resistant. (rC+)
                  | [potion of mutation]
 54694 | Zot:1    | Identified the Collected Works on Transformation and Flight
 55056 | Zot:2    | Reached XP level 27. HP: 226/236 MP: 40/40
 56000 | Zot:2    | Reached skill level 1 in Dodging
 56367 | Zot:3    | Reached skill level 10 in Necromancy
 57302 | Zot:4    | Noticed an orb of fire
 57728 | Zot:5    | Entered Level 5 of the Realm of Zot
 57733 | Zot:5    | Reached skill level 10 in Charms
 57956 | Zot:5    | Noticed an orb of fire
 57957 | Zot:5    | Noticed an orb of fire
 57960 | Zot:5    | Gained mutation: Your magical capacity is low. (-10% MP)
                  | [an orb of fire]
 57962 | Zot:5    | Gained mutation: You tend to lose your temper in combat.
                  | [an orb of fire]
 57976 | Zot:5    | Killed an orb of fire
 57978 | Zot:5    | Gained mutation: Armour fits poorly on your strangely
                  | shaped body. [an orb of fire]
 57984 | Zot:5    | Gained mutation: You are clumsy. (Dex -2) [an orb of fire]
 57988 | Zot:5    | Gained mutation: Scrolls take you a little longer to read.
                  | [an orb of fire]
 57989 | Zot:5    | Killed an orb of fire
 58005 | Zot:5    | Noticed an ancient lich
 58015 | Zot:5    | Killed an ancient lich
 58232 | Zig:1    | Entered Level 1 of a ziggurat
 58249 | Zig:2    | Entered Level 2 of a ziggurat
 58284 | Zig:3    | Entered Level 3 of a ziggurat
 58313 | Zig:4    | Entered Level 4 of a ziggurat
 58317 | Zig:4    | Learned a level 2 spell: Slow
 58328 | Zig:4    | Reached skill level 5 in Dodging
 58355 | Zig:5    | Entered Level 5 of a ziggurat
 58358 | Zig:5    | Noticed an ancient lich
 58371 | Zig:5    | Killed an ancient lich
 58408 | Zig:6    | Entered Level 6 of a ziggurat
 58431 | Zig:6    | Identified the Incunabulum of Creative Talismans
 58447 | Zig:7    | Entered Level 7 of a ziggurat
 58512 | Zig:8    | Entered Level 8 of a ziggurat
 58514 | Zig:8    | Noticed a juggernaut
 58516 | Zig:8    | Noticed a juggernaut
 58527 | Zig:8    | Killed a juggernaut
 58537 | Zig:8    | Killed a juggernaut
 58563 | Zig:8    | Got a heavily runed platinum amulet
 58566 | Zig:8    | Identified the amulet "Suclon" {Spirit Dex+6} (You found it
                  | on level 8 of a ziggurat)
 58574 | Zig:8    | Identified the Collected Works on the Creative Volcanoes
 58593 | Zig:8    | Identified the +1 plate armour of Hadjma {rPois Str+2
                  | Dex-5} (You found it on level 8 of a ziggurat)
 58647 | Zig:9    | Entered Level 9 of a ziggurat
 58666 | Zig:9    | Reached skill level 5 in Air Magic
 58721 | Zig:9    | Identified the +10 plate armour of Masochism {rPois rN+
                  | Str+5 Dex-5} (You found it on level 9 of a ziggurat)
 58743 | Zig:9    | Lost mutation: Scrolls take you a little longer to read.
                  | [potion of mutation]
 58743 | Zig:9    | Lost mutation: You are resistant to electric shocks.
                  | (rElec) [potion of mutation]
 58743 | Zig:9    | Lost mutation: You are weak. (Str -2) [potion of mutation]
 58743 | Zig:9    | Gained mutation: You have large cloven feet. [potion of
                  | mutation]
 58743 | Zig:9    | Lost mutation: You tend to lose your temper in combat.
                  | [potion of mutation]
 58743 | Zig:9    | Gained mutation: Your mind is acute. (Int +2) [potion of
                  | mutation]
 58743 | Zig:9    | Gained mutation: Your system is resistant to poisons.
                  | (rPois) [potion of mutation]
 58754 | Zig:10   | Entered Level 10 of a ziggurat
 58914 | Zig:11   | Entered Level 11 of a ziggurat
 58925 | Zig:11   | Noticed an orb of fire
 58927 | Zig:11   | Noticed an orb of fire
 58939 | Zig:11   | Killed an orb of fire
 58941 | Zig:11   | Killed an orb of fire
 58977 | Zig:11   | Found the +2 pair of boots of the Assassin {Detection Stab+
                  | Stlth++}
 59004 | Zig:11   | Identified the Almanac of Dislocation
 59072 | Zig:12   | Entered Level 12 of a ziggurat
 59080 | Zig:12   | Noticed an orb of fire
 59080 | Zig:12   | Noticed an orb of fire
 59086 | Zig:12   | Killed an orb of fire
 59088 | Zig:12   | Gained mutation: Your magical capacity is very low. (-20%
                  | MP) [an orb of fire]
 59099 | Zig:12   | Lost mutation: Your mind is acute. (Int +2) [an orb of
                  | fire]
 59107 | Zig:12   | Gained mutation: Your magical capacity is extremely low.
                  | (-30% MP) [an orb of fire]
 59108 | Zig:12   | Gained mutation: You are weak. (Str -2) [an orb of fire]
 59113 | Zig:12   | Killed an orb of fire
 59225 | Zig:13   | Entered Level 13 of a ziggurat
 59373 | Zig:13   | Found the +8 whip "Snakebite" {curare, rPois}
 59460 | Zig:14   | Entered Level 14 of a ziggurat
 59776 | Zig:15   | Entered Level 15 of a ziggurat
 60078 | Zig:15   | Found the +6 arbalest "Damnation" {damnation}
 60106 | Zig:15   | Identified the Grimoire of Egomania
 60160 | Zig:16   | Entered Level 16 of a ziggurat
 60211 | Zig:16   | Gained mutation: Your spells are a little easier to cast,
                  | but a little less powerful. [a cacodemon]
 60212 | Zig:16   | Reached skill level 10 in Translocations
 60212 | Zig:16   | Paralysed by accursed screaming for 2 turns
 60226 | Zig:16   | Reached skill level 10 in Armour
 60246 | Zig:16   | HP: 12/245 [starcursed mass/accursed screaming (5)]
 60570 | Zig:16   | Lost mutation: Armour fits poorly on your strangely shaped
                  | body. [potion of mutation]
 60570 | Zig:16   | Lost mutation: You are clumsy. (Dex -2) [potion of
                  | mutation]
 60570 | Zig:16   | Lost mutation: Your spells are a little easier to cast, but
                  | a little less powerful. [potion of mutation]
 60570 | Zig:16   | Lost mutation: Your magical capacity is extremely low.
                  | (-30% MP) [potion of mutation]
 60570 | Zig:16   | Gained mutation: Your spells are a little harder to cast,
                  | but a little more powerful. [potion of mutation]
 60607 | Zig:16   | Got a smoking platinum amulet
 60608 | Zig:16   | Identified the amulet "Roheacen" {Inacc *Slow rF+ MR+
                  | Int+2} (You found it on level 16 of a ziggurat)
 60612 | Zig:16   | Identified the Disquisition on the Snowflakes
 60615 | Zig:16   | Identified the Catalogue of Confrontation and the Birds
 60617 | Zig:16   | Identified the Volume of the Voyage and the Glacier
 60633 | Zig:16   | Got a brightly glowing steel ring
 60634 | Zig:16   | Identified the ring of Awe {MP+9 EV+4 Str+3 Slay+5} (You
                  | found it on level 16 of a ziggurat)
 60753 | Zig:17   | Entered Level 17 of a ziggurat
 60768 | Zig:17   | Paralysed by a floating eye for 3 turns
 61070 | Zig:18   | Entered Level 18 of a ziggurat
 61073 | Zig:18   | Learned a level 1 spell: Summon Butterflies
 61184 | Zig:18   | Reached skill level 10 in Air Magic
 61343 | Zig:18   | Found the ring of Robustness {AC+8}
 61356 | Zig:18   | Identified the cursed +0 shield of the Maze {rN+ MP+9} (You
                  | found it on level 18 of a ziggurat)
 61411 | Zig:19   | Entered Level 19 of a ziggurat
 61488 | Zig:19   | Reached skill level 27 in Fighting
 61730 | Zig:19   | Found the +11 plutonium sword {*Contam Stlth-}
 61829 | Zig:20   | Entered Level 20 of a ziggurat
 62156 | Zig:20   | Identified the Reference Book on the Entourage and the
                  | Compass
 62167 | Zig:20   | Got a faintly glowing silver ring
 62168 | Zig:20   | Identified the ring "Zaquruik" {rF++ Dex+3} (You found it
                  | on level 20 of a ziggurat)
 62187 | Zig:20   | Learned a level 2 spell: Blink
 62189 | Zig:21   | Entered Level 21 of a ziggurat
 62227 | Zig:21   | Reached skill level 1 in Summonings
 62238 | Zig:21   | Gained mutation: You occasionally shout uncontrollably at
                  | your foes. [a shining eye]
 62427 | Zig:21   | Got a coiled wooden ring
 62428 | Zig:21   | Identified the ring of Egomania {+Fly rElec rPois Str-3
                  | Dex+8} (You found it on level 21 of a ziggurat)
 62457 | Zig:21   | Identified the ring "Xeczai" {rF++ Stlth+} (You found it on
                  | level 21 of a ziggurat)
 62474 | Zig:21   | Lost mutation: You are weak. (Str -2) [potion of mutation]
 62474 | Zig:21   | Lost mutation: You occasionally shout uncontrollably at
                  | your foes. [potion of mutation]
 62474 | Zig:21   | Lost mutation: Your magical capacity is very low. (-20% MP)
                  | [potion of mutation]
 62474 | Zig:21   | Lost mutation: Your spells are a little harder to cast, but
                  | a little more powerful. [potion of mutation]
 62474 | Zig:21   | Gained mutation: You expend magic power (3 MP) to
                  | strengthen your wands. [potion of mutation]
 62480 | Zig:22   | Entered Level 22 of a ziggurat
 62502 | Zig:22   | Noticed Suczoim the pandemonium lord
 62507 | Zig:22   | Noticed Syonam the pandemonium lord
 62507 | Zig:22   | Noticed Gofuenedau the pandemonium lord
 62509 | Zig:22   | Noticed Fef Upy the pandemonium lord
 62511 | Zig:22   | Noticed Jukhuigh the pandemonium lord
 62511 | Zig:22   | Noticed Lileur the pandemonium lord
 62516 | Zig:22   | Killed Suczoim the pandemonium lord
 62521 | Zig:22   | Noticed Cuzxilei the pandemonium lord
 62525 | Zig:22   | Identified the ring of Beauty {rElec rF- MR+ SInv} (You
                  | found it on level 22 of a ziggurat)
 62525 | Zig:22   | Noticed Biuv the pandemonium lord
 63132 | Zot:5    | Noticed an orb of fire
 63134 | Zot:5    | Gained mutation: Your magical capacity is very low. (-20%
                  | MP) [an orb of fire]
 63151 | Zot:5    | Killed an orb of fire
 63155 | Zot:5    | Noticed an orb of fire
 63167 | Zot:5    | Gained mutation: Your spells are a little harder to cast,
                  | but a little more powerful. [an orb of fire]
 63174 | Zot:5    | Killed an orb of fire
 63241 | Zot:5    | Noticed an orb of fire
 63242 | Zot:5    | Noticed an ancient lich
 63242 | Zot:5    | Noticed an orb of fire
 63246 | Zot:5    | Gained mutation: Scrolls take you a little longer to read.
                  | [an orb of fire]
 63252 | Zot:5    | Gained mutation: Your body sometimes deteriorates upon
                  | taking damage. [an orb of fire]
 63265 | Zot:5    | Gained mutation: You are weak. (Str -2) [an orb of fire]
 63268 | Zot:5    | Killed an orb of fire
 63273 | Zot:5    | Killed an ancient lich
 63273 | Zot:5    | Reached skill level 5 in Summonings
 63277 | Zot:5    | Killed an orb of fire
 63341 | Zot:5    | Noticed an orb of fire
 63349 | Zot:5    | Lost mutation: Your spells are a little harder to cast, but
                  | a little more powerful. [an orb of fire]
 63351 | Zot:5    | Noticed an orb of fire
 63355 | Zot:5    | Killed an orb of fire
 63580 | Zot:5    | Gained mutation: Potions are less effective at restoring
                  | your health. [an orb of fire]
 63582 | Zot:5    | Gained mutation: Armour fits poorly on your strangely
                  | shaped body. [an orb of fire]
 63585 | Zot:5    | Gained mutation: You are very weak. (Str -4) [an orb of
                  | fire]
 63594 | Zot:5    | Gained mutation: You tend to lose your temper in combat.
                  | [an orb of fire]
 63599 | Zot:5    | Killed an orb of fire
 63640 | Zot:5    | Noticed an orb of fire
 63644 | Zot:5    | Gained mutation: You occasionally shout uncontrollably at
                  | your foes. [an orb of fire]
 63649 | Zot:5    | Gained mutation: Potions are poor at restoring your health.
                  | [an orb of fire]
 63650 | Zot:5    | Gained mutation: You sometimes yell uncontrollably at your
                  | foes. [an orb of fire]
 63653 | Zot:5    | Gained mutation: You frequently scream uncontrollably at
                  | your foes. [an orb of fire]
 63655 | Zot:5    | Gained mutation: You are frail. (-10% HP) [an orb of fire]
 63661 | Zot:5    | Killed an orb of fire
 63748 | Zot:5    | Lost mutation: Scrolls take you a little longer to read.
                  | [potion of mutation]
 63748 | Zot:5    | Lost mutation: You are highly resistant to hostile
                  | enchantments. (MR++) [potion of mutation]
 63748 | Zot:5    | Lost mutation: Armour fits poorly on your strangely shaped
                  | body. [potion of mutation]
 63748 | Zot:5    | Lost mutation: You are very weak. (Str -4) [potion of
                  | mutation]
 63748 | Zot:5    | Gained mutation: You are agile. (Dex +2) [potion of
                  | mutation]
 63749 | Zot:5    | Lost mutation: Your magical capacity is very low. (-20% MP)
                  | [potion of mutation]
 63749 | Zot:5    | Lost mutation: You can translocate small distances at will.
                  | [potion of mutation]
 63749 | Zot:5    | Lost mutation: Your system is resistant to poisons. (rPois)
                  | [potion of mutation]
 63749 | Zot:5    | Lost mutation: Your flesh is cold resistant. (rC+) [potion
                  | of mutation]
 63749 | Zot:5    | Lost mutation: You are agile. (Dex +2) [potion of mutation]
 63749 | Zot:5    | Gained mutation: You have hoof-like feet. [potion of
                  | mutation]
 63750 | Zot:5    | Lost mutation: Your magical capacity is low. (-10% MP)
                  | [potion of mutation]
 63750 | Zot:5    | Lost mutation: You tend to lose your temper in combat.
                  | [potion of mutation]
 63750 | Zot:5    | Lost mutation: You are weak. (Str -2) [potion of mutation]
 63750 | Zot:5    | Gained mutation: You are agile. (Dex +2) [potion of
                  | mutation]
 63750 | Zot:5    | Gained mutation: You are very agile. (Dex +4) [potion of
                  | mutation]
 63750 | Zot:5    | Gained mutation: You have hooves in place of feet. [potion
                  | of mutation]
 63751 | Zot:5    | Lost mutation: You are frail. (-10% HP) [potion of
                  | mutation]
 63751 | Zot:5    | Lost mutation: Your body sometimes deteriorates upon taking
                  | damage. [potion of mutation]
 63751 | Zot:5    | Lost mutation: You are very agile. (Dex +4) [potion of
                  | mutation]
 63751 | Zot:5    | Lost mutation: You are resistant to hostile enchantments.
                  | (MR+) [potion of mutation]
 63751 | Zot:5    | Gained mutation: Armour fits poorly on your strangely
                  | shaped body. [potion of mutation]
 63751 | Zot:5    | Gained mutation: You have very sharp teeth. [potion of
                  | mutation]
 63760 | Zot:5    | Lost mutation: Armour fits poorly on your strangely shaped
                  | body. [potion of mutation]
 63760 | Zot:5    | Lost mutation: You frequently scream uncontrollably at your
                  | foes. [potion of mutation]
 63760 | Zot:5    | Lost mutation: Potions are poor at restoring your health.
                  | [potion of mutation]
 63760 | Zot:5    | Lost mutation: Potions are less effective at restoring your
                  | health. [potion of mutation]
 63760 | Zot:5    | Gained mutation: You are dopey. (Int -2) [potion of
                  | mutation]
 63760 | Zot:5    | Gained mutation: You possess an exceptional clarity of
                  | mind. [potion of mutation]
 63772 | Zot:5    | Noticed an ancient lich
 63788 | Zot:5    | Killed an ancient lich
 63919 | Zot:5    | Noticed an orb of fire
 63940 | Zot:5    | Gained mutation: You are weak. (Str -2) [an orb of fire]
 63943 | Zot:5    | Killed an orb of fire
 64027 | Zot:5    | Got the Orb of Zot
 64210 | Depths:5 | Noticed a seraph
 64319 | D:15     | Noticed Faqunweo the pandemonium lord
 64319 | D:15     | Noticed an ancient lich
 64337 | D:15     | Gained mutation: You are frail. (-10% HP) [a neqoxec]
 64348 | D:15     | Killed Faqunweo the pandemonium lord
 64354 | D:15     | Killed an ancient lich
 64692 | D:$      | Escaped with the Orb!

Skill      XL: |  1  2  3  4  5  6  7  8  9 10 11 12 13 14 15 16 17 18 19 20 21 22 23 24 25 26 27 |
---------------+----------------------------------------------------------------------------------+-----
Axes           | 2 3 4 6 7 8 9 10 11 12 13 14 15 16 17 18 22 | 22.3
Fighting       | 6 7 9 10 11 12 13 14 15 16 17 19 20 22 23 27 | 27.0
Invocations    | 4 6 8 11 12 14 15 16 17 18 19 21 22 23 25 27 | 27.0
Armour         | 4 5 7 8 14 | 14.8
Shields        | 4 5 6 8 9 12 15 16 | 16.0
Evocations     | 3 4 5 7 9 10 | 10.0
Maces & Flails | 3 |  3.7
Crossbows      | 2 5 7 9 12 14 15 | 15.0
Translocations | 6 12 | 12.0
Necromancy     | 5 8 10 | 10.0
Spellcasting   | 5 10 12 | 12.0
Hexes          | 4 5 8 |  8.0
Charms         | 4 8 10 | 10.0
Air Magic      | 4 10 | 10.0
Dodging        | 9 |  9.5
Summonings     | 6 |  6.0

Action                   |  1- 3 |  4- 6 |  7- 9 | 10-12 | 13-15 | 16-18 | 19-21 | 22-24 | 25-27 || total
-------------------------+-------+-------+-------+-------+-------+-------+-------+-------+-------++-------
Melee: War axe           |   140 |   277 |   365 |   628 |   414 |   459 |       |       |       ||  2283
       Headbutt          |       |    12 |    85 |   157 |   278 |   398 |   380 |   324 |   713 ||  2347
       Flail             |       |       |    24 |    40 |   298 |       |       |       |       ||   362
       Battleaxe         |       |       |       |    32 |   305 |       |       |       |       ||   337
       Broad axe         |       |       |       |       |       |   929 |  1279 |  1112 |  2109 ||  5429
       Kick              |       |       |       |       |       |       |       |       |    46 ||    46
       Bite              |       |       |       |       |       |       |       |       |    18 ||    18
 Fire: Hand crossbow     |       |       |       |       |       |    46 |   191 |   140 |   135 ||   512
 Cast: Apportation       |       |       |       |       |       |       |       |       |     5 ||     5
       Regeneration      |       |       |       |       |       |       |       |       |    32 ||    32
       Swiftness         |       |       |       |       |       |       |       |       |     7 ||     7
Invok: Elemental Force   |       |       |       |       |     6 |     5 |     4 |     7 |    17 ||    39
       Upheaval          |       |       |       |       |     3 |     6 |    12 |    10 |    14 ||    45
       Disaster Area     |       |       |       |       |     1 |       |       |     6 |     7 ||    14
 Abil: Evoke Flight      |       |       |       |       |       |       |     5 |       |       ||     5
       Evoke Ratskin     |       |       |       |       |       |       |       |     2 |       ||     2
       Blink             |       |       |       |       |       |       |       |       |     4 ||     4
       Hurl Damnation    |       |       |       |       |       |       |       |       |     1 ||     1
Evoke: Wand              |       |     1 |     6 |    15 |     4 |       |     1 |     2 |    16 ||    45
       Phantom mirror    |       |       |       |     1 |       |       |       |       |       ||     1
       Box of beasts     |       |       |       |       |       |       |       |       |     1 ||     1
  Use: Scroll            |       |     7 |     6 |    14 |    16 |    11 |    13 |    19 |    64 ||   150
       Potion            |       |       |       |     4 |     7 |       |     1 |     4 |    56 ||    72
 Stab: Paralysed         |       |       |     2 |       |       |       |       |       |       ||     2
       Petrified         |       |       |       |       |     2 |       |       |       |       ||     2
       Distracted        |       |       |       |       |     1 |       |       |     1 |     3 ||     5
  Eat: Chunk             |     2 |     3 |    12 |    15 |    14 |     8 |     9 |     6 |    16 ||    85
       Ration            |       |     2 |       |     2 |     6 |     5 |     7 |     7 |    12 ||    41
Armor: Scale mail        |    87 |    95 |    31 |    50 |       |       |       |       |       ||   263
       Chain mail        |       |       |   152 |   273 |   158 |       |       |       |       ||   583
       Fire dragon scale |       |       |       |    16 |   152 |       |       |       |       ||   168
       Plate armour      |       |       |       |       |   175 |   372 |   452 |   385 |   883 ||  2267
Dodge: Dodged            |    45 |    64 |    51 |   162 |   228 |   124 |   124 |   127 |   384 ||  1309
       Deflected         |       |       |       |     6 |    40 |    23 |    28 |    22 |    50 ||   169
Block: Shield            |   113 |   192 |   270 |   723 |  1000 |  1414 |  1663 |  1296 |  2803 ||  9474
       Other             |       |       |       |     8 |   233 |       |       |       |       ||   241
       Reflection        |       |       |       |       |       |    47 |   193 |   152 |   100 ||   492
